 Dungeon Crawl Stone Soup version 0.27.1-2-g3b301248ec (webtiles) character file.

Game seed: 17580559357093656974

40 Descartes the Sneak (level 3, -1/17 HPs)
             Began as a Felid Delver on Oct 2, 2021.
             Slain by a hound (4 damage)
             ... on level 4 of the Dungeon.
             The game lasted 00:00:56 (695 turns).

Descartes the Sneak (Felid Delver)                   Turns: 695, Time: 00:00:56

Health: -1/17      AC:  1    Str:  9    XL:     3   Next: 30%
Magic:  4/4        EV: 17    Int: 11    God:
Gold:   0          SH:  0    Dex: 17    Spells: 2/2 levels left
                                        Lives:  0   Deaths: 0

rFire    . . .     SeeInvis +     - Unarmed
rCold    . . .     Faith    .   (shield unavailable)
rNeg     . . .     Spirit   .   (armour unavailable)
rPois    .         Reflect  .   (helmet unavailable)
rElec    .         Harm     .   (cloak unavailable)
rCorr    .         Rampage  .   (gloves unavailable)
Will     .....                  (boots unavailable)
Stlth    ++++......             (no amulet)
HPRegen  0.05/turn              (no ring)
MPRegen  0.09/turn              (no ring)

@: quick
A: very small, claws 1, fangs 3, see invisible, speed 1, shaggy fur 1, stealthy
paws, no weapons or thrown items, no armour, multi-lived
a: no special abilities


You were on level 4 of the Dungeon.
You visited 1 branch of the dungeon, and saw 2 of its levels.

Inventory:

Wands
 e - a wand of digging (3)
Scrolls
 a - a scroll of fog
 b - a scroll of magic mapping
 c - a scroll of fear
Potions
 d - a potion of haste


   Skills:
 + Level 3.2 Fighting
 + Level 2.9 Dodging
 + Level 7.7 Stealth
 + Level 2.1 Unarmed Combat


You had 2 spell levels left.
You didn't know any spells.
Your spell library was empty.

Dungeon Overview and Level Annotations

Branches:
Dungeon (5/15)
 Temple: D:4-7

Altars:


Innate Abilities, Weirdness & Mutations

You have sharp claws.
You have razor-sharp teeth.
You have supernaturally acute eyesight. (SInv)
You cover ground quickly. (Speed+)
You are covered in fur. (AC +1)
Your paws help you pounce on unaware monsters.
You are incapable of wielding weapons or throwing items.
You cannot wear armour.
You gain extra lives every three experience levels.


Message History

A scorpion comes into view.
The hound bites you.
There is an escape hatch in the ceiling here.
The hound completely misses you. The hound misses you.
A mysterious force pulls you upwards. The hatch slams shut behind you.
Found a fading whip.
A hound comes into view.
Found 10 gold pieces.
The hound closely misses you.
An orc comes into view. It is wielding a +0 dagger.
The hound barks!
You hear an angry hiss.
The orc shouts!
An iguana comes into view.
The hound closely misses you. The orc closely misses you.
The hound closely misses you.
The hound stops to sniff the ground.
You open the door. The orc misses you. The hound barely misses you.
Found a stone staircase leading down.
The hound barely misses you.
There is an open door here.
You scratch the orc.
The orc is severely wounded.
The orc barely misses you.
You scratch the orc.
You kill the orc!
The hound bites you.
* * * LOW HITPOINT WARNING * * *
You scratch the hound.
The hound is moderately wounded.
The hound barely misses you.
You scratch the hound but do no damage.
The hound is moderately wounded.
The hound completely misses you. The hound closely misses you.
The hound bites you.
* * * LOW HITPOINT WARNING * * *
The hound misses you.
You scratch the hound.
The hound is heavily wounded.
The hound bites you.
You die...

##### #.... #...# #
#...#
###..###############..##
#......@hh.r.l.....)...#
#.#.#.#########...##...#
.. ...>...+..... #.
#.###...##.... #
#...##.... #...##....
#...##.... #...##....
#....


You could see an iguana, 2 hounds and a quokka.

Vanquished Creatures
  An iguana (D:5)
  An adder (D:5)
  3 orcs
5 creatures vanquished.

Notes
Turn   | Place    | Note
-------+----------+-------------------------------------------
     0 | D:5      | Descartes the Felid Delver began the quest for the Orb.
     0 | D:5      | Reached XP level 1. HP: 10/10 MP: 2/2
    53 | D:5      | Noticed an iguana
    59 | D:5      | Killed an iguana
    60 | D:5      | Reached skill level 7 in Stealth
    60 | D:5      | Reached XP level 2. HP: 14/14 MP: 3/3
   130 | D:5      | Reached XP level 3. HP: 14/17 MP: 4/4
   638 | D:5      | Noticed an ogre
   660 | D:5      | Noticed a scorpion
   695 | D:4      | Slain by a hound

Illustrated notes

Levels and vault maps discovered:
D:4:      layout_basic, hangedman_decor_lopped
D:5:      layout_basic, hangedman_decor_opposing

Skill      XL: |  1 |
---------------+----+-----
Stealth        | 7 |  7.7
Fighting       | |  3.2
Dodging        | |  2.9
Unarmed Combat | |  2.1

Action                   || total
-------------------------++-------
Melee: Unarmed           ||    27
       Bite              ||     5
 Stab: Sleeping          ||     1
Armor: Skin              ||     1
Dodge: Dodged            ||    36
